 Dungeon Crawl Stone Soup version 0.20.1-1-g8b1a95d (webtiles) character file.

104 vineage the Shield-Bearer (level 4, -4/28 HPs)
             Began as a Gargoyle Fighter on Sept 18, 2017.
             Slain by a gnoll (6 damage)
             ... on level 3 of the Dungeon.
             The game lasted 00:02:08 (1598 turns).

vineage the Shield-Bearer (Gargoyle Fighter)        Turns: 1598, Time: 00:02:08

Health: -4/28      AC: 13    Str: 20    XL:     4   Next: 80%
Magic:  4/4        EV:  7    Int:  8    God:
Gold:   77         SH:  9    Dex: 10    Spells: 3/3 levels left

rFire    . . .     SeeInvis .   a - +0 flail
rCold    . . .     Gourm    .   c - +0 shield
rNeg     + . .     Faith    +   b - +0 scale mail
rPois    ∞         Spirit   .   (no helmet)
rElec    +         Reflect  .   (no cloak)
rCorr    .         Harm     .   (no gloves)
MR       .....                  j - +2 pair of boots
Stlth    ..........             g - amulet of faith
Regen    0.1/turn               (no ring)
MPRegen  0.1/turn               (no ring)

@: no status effects
A: negative energy resistance 1, electricity resistance, unbreathing,
petrification resistance, rot immunity, AC +3
a: no special abilities


You were on level 3 of the Dungeon.
You were hungry.

You visited 1 branch of the dungeon, and saw 3 of its levels.

You collected 77 gold pieces.

Inventory:

Hand Weapons
 a - a +0 flail (weapon)
Armour
 b - a +0 scale mail (worn)
 c - a +0 shield (worn)
 j - a +2 pair of boots (worn)
Jewellery
 g - an amulet of faith (around neck)
Scrolls
 e - 2 scrolls of identify {unknown}
 i - a scroll of remove curse {unknown}
 l - a scroll of random uselessness {unknown}
Potions
 d - a potion of might
 h - a potion of berserk rage {unknown}
 m - a potion of agility {unknown}
 n - 2 potions of degeneration {unknown}
 o - a potion of lignification {unknown}
Comestibles
 f - 5 bread rations
 k - a royal jelly


   Skills:
 + Level 3.6 Fighting
 + Level 3.0 Maces & Flails
 + Level 4.0 Armour
 + Level 1.0 Dodging
 + Level 4.1 Shields


You had 3 spell levels left.
You didn't know any spells.

Dungeon Overview and Level Annotations

Branches:
Dungeon (3/15)

Altars:


Innate Abilities, Weirdness & Mutations

You are resistant to torment.
Your stone body is resilient. (AC +3)
You are immune to poison.
You resist negative energy. (rN+)
You are resistant to electric shocks. (rElec)
You can survive without breathing.
You are immune to petrification.
You are immune to rotting.


Message History

The gnoll hits you but does no damage.
You rip the net and break free!
The bat hits you but does no damage. The gnoll barely misses you.
The gnoll hits you from afar with a halberd!
* * * LOW HITPOINT WARNING * * *
The gnoll hits you but does no damage.
You hit the gnoll but do no damage. The bat hits you but does no damage.
The gnoll hits you but does no damage. x2
The gnoll hits you with a whip of holy wrath.
* * * LOW HITPOINT WARNING * * *
You thump the gnoll!
You kill the gnoll!
Your Armour skill increases to level 4!
The bat hits you but does no damage. The gnoll closely misses you.
You block the gnoll's attack. The bat hits you but does no damage.
You thump the gnoll!
The gnoll is severely wounded.
The bat closely misses you. The gnoll barely misses you.
The gnoll hits you but does no damage. x2; The gnoll hits you.
You die...

# #. .#
##.##
#.b.###.#
#...b..
#...# #<#
#@# #g#


ggr ##..# #..# #... #?.. #.... You could see 3 gnolls, a bat and a rat.

Vanquished Creatures
  3 adders (D:2)
  A gnoll (D:3)
  3 worms (D:2)
  3 leopard geckos (D:1)
  4 ball pythons
  7 bats
  2 giant cockroaches (D:1)
  5 goblins
  9 hobgoblins
  4 jackals (D:2)
  7 frilled lizards
  5 kobolds
  4 rats
57 creatures vanquished.

Notes
Turn   | Place    | Note
-------+----------+-------------------------------------------
     0 | D:1      | vineage the Gargoyle Fighter began the quest for the Orb.
     0 | D:1      | Reached XP level 1. HP: 14/14 MP: 1/1
    62 | D:1      | Reached XP level 2. HP: 19/19 MP: 2/2
   366 | D:1      | Reached XP level 3. HP: 23/23 MP: 3/3
   916 | D:2      | Reached XP level 4. HP: 28/28 MP: 4/4
  1046 | D:2      | Reached skill level 1 in Dodging
  1598 | D:3      | Slain by a gnoll

Skill      XL: |  1  2  3  4 |
---------------+-------------+-----
Dodging        | 1 |  1.0
Shields        | 4 |  4.1
Maces & Flails | 3 |  3.0
Armour         | 4 |  4.0
Fighting       | |  3.6

Action                   |  1- 3 |  4- 6 || total
-------------------------+-------+-------++-------
Melee: Flail             |   137 |    83 ||   220
  Eat: Chunk             |       |     2 ||     2
Armor: Scale mail        |   103 |    61 ||   164
Dodge: Dodged            |    54 |    32 ||    86
Block: Shield            |    91 |    57 ||   148
